 Dungeon Crawl Stone Soup version 0.19.5 (console) character file.

848 emko the Cleaver (level 8, 0/66 HPs)
             Began as a Hill Orc Berserker on May 7, 2017.
             Was a Priest of Trog.
             Engulfed by a cloud of flame (14 damage)
             ... on level 4 of the Dungeon.
             The game lasted 00:45:00 (3376 turns).

emko the Cleaver (Hill Orc Berserker)               Turns: 3376, Time: 00:45:01

Health: 0/66       AC:  7    Str: 28    XL:     8   Next: 1%
Magic:  8/8        EV: 10    Int:  8    God:    Trog [***...]
Gold:   148        SH:  0    Dex: 10    Spells: 0 memorised, 7 levels left

rFire  . . .     SeeInvis .     a - +1 hand axe
rCold  . . .     Gourm    .     v - +1 scale mail
rNeg   . . .     Faith    .     (no shield)
rPois  .         Spirit   .     (no helmet)
rElec  .         Reflect  .     (no cloak)
rCorr  .         Harm     .     (no gloves)
MR     .....                    (no boots)
Stlth  +.........               (no amulet)
                                k - +2 ring of strength
                                j - ring of stealth

@: mighty
A: no striking features
a: Berserk, Trog's Hand, Burn Spellbooks, Renounce Religion


You were on level 4 of the Dungeon.
You worshipped Trog.
Trog was most pleased with you.
You were not hungry.

You visited 1 branch of the dungeon, and saw 4 of its levels.

You collected 148 gold pieces.

Inventory:

Hand Weapons
 a - a +1 hand axe (weapon)
Missiles
 d - 4 needles of paralysis
 m - a tomahawk (quivered)
Armour
 b - a +0 animal skin
 e - a +0 ring mail
 v - a +1 scale mail (worn)
Jewellery
 f - a +3 ring of intelligence
 j - a ring of stealth (left hand)
 k - a +2 ring of strength (right hand)
Scrolls
 i - 2 scrolls of identify
 n - 2 scrolls of noise
 o - a scroll of enchant armour
 t - a scroll of enchant weapon
 u - 2 scrolls of recharging
 x - a scroll of remove curse
Potions
 g - a potion of haste
 h - 3 potions of might
Comestibles
 c - 4 bread rations
 l - 5 chunks of flesh


   Skills:
 - Level 3.9 Fighting
 + Level 11.6 Axes
 - Level 2.1 Armour
 - Level 1.6 Dodging


You had 7 spell levels left.
You didn't know any spells.

Dungeon Overview and Level Annotations

Branches:
Dungeon (4/15)
 Temple: D:4-7

Altars:
Makhleb
Sif Muna
Uskayaw
Yredelemnul


Message History

Pikel hits you with a whip of flaming. Pikel burns you.
You hit Pikel.
Pikel is almost dead.
Pikel hits you but does no damage.
You barely miss Pikel.
Pikel is almost dead.
Pikel hits you with a whip of flaming. Pikel burns you.
You slash Pikel!
Pikel explodes!
The fiery explosion engulfs the slave.
The slave is almost dead.
The fiery explosion engulfs you!
* * * LOW HITPOINT WARNING * * *
Trog accepts your kill.
Your Axes skill gained 2 levels and is now at level 11!
You have reached level 7!
You have reached level 8!
With Pikel's spell broken, the former slaves thank you for their freedom.
You are engulfed in roaring flames.
You die...

###.........####..(##
.# ##..# .# ##)# .#
#.# .# #.# .# #.# .#
#)# ## #.# ### #)#
....p####.#
#.ppĀ§@..# #.p######
... .


You could see 4 neutral freed slaves.

Vanquished Creatures
  Pikel (D:4)
  The ghost of McKennaii the Firebug, an amateur DEFE (D:3)
  A hound (D:4)
  4 orc priests (D:4)
  A worker ant (D:4)
  A hound skeleton (D:4)
  4 adders
  An adder skeleton (D:3)
  2 dart slugs
  3 worms
  2 leopard geckos
  4 orcs
  3 giant cockroaches
  7 goblins
  11 hobgoblins
  11 jackals
  3 kobolds
  3 quokkas
  A ball python (D:2)
  11 bats
  2 frilled lizards (D:3)
  14 rats
91 creatures vanquished.

Notes
Turn   | Place    | Note
-------+----------+-------------------------------------------
     0 | D:1      | emko the Hill Orc Berserker began the quest for the Orb.
     0 | D:1      | Reached XP level 1. HP: 19/19 MP: 1/1
   408 | D:1      | Reached XP level 2. HP: 26/27 MP: 2/2
   686 | D:1      | Reached ** piety under Trog
   686 | D:1      | Reached skill level 5 in Axes
   697 | D:1      | Reached XP level 3. HP: 25/33 MP: 3/3
  1159 | D:2      | Found a burning altar of Makhleb.
  1586 | D:2      | Found a hide-covered altar of Uskayaw.
  1597 | D:2      | Reached skill level 6 in Axes
  1597 | D:2      | Reached XP level 4. HP: 40/40 MP: 4/4
  2159 | D:3      | Noticed McKennaii's ghost (amateur DEFE)
  2183 | D:3      | Killed McKennaii's ghost
  2183 | D:3      | Reached skill level 7 in Axes
  2183 | D:3      | Reached XP level 5. HP: 41/46 MP: 5/5
  2302 | D:3      | Reached *** piety under Trog
  2455 | D:3      | Found a deep blue altar of Sif Muna.
  2457 | D:3      | Found a basalt altar of Yredelemnul.
  2766 | D:4      | Reached skill level 8 in Axes
  2926 | D:4      | Reached XP level 6. HP: 50/52 MP: 6/6
  3097 | D:4      | Reached skill level 9 in Axes
  3363 | D:4      | Noticed Pikel
  3368 | D:4      | Noticed a slave
  3368 | D:4      | Noticed a slave
  3369 | D:4      | Noticed a slave
  3370 | D:4      | Noticed a slave
  3376 | D:4      | Killed Pikel
  3376 | D:4      | Reached skill level 11 in Axes
  3376 | D:4      | Reached XP level 7. HP: 12/58 MP: 7/7
  3376 | D:4      | Reached XP level 8. HP: 14/66 MP: 8/8
  3376 | D:4      | Engulfed by a cloud of flame

Skill      XL: |  1  2  3  4  5  6 |
---------------+-------------------+-----
Axes           | 5 6 7 8 11 | 11.6
Fighting       | |  3.9
Armour         | |  2.1
Dodging        | |  1.6

Action                   |  1- 3 |  4- 6 |  7- 9 || total
-------------------------+-------+-------+-------++-------
Melee: Hand axe          |   134 |   167 |       ||   301
Invok: Berserk           |     1 |     1 |       ||     2
  Use: Scroll            |     3 |    11 |       ||    14
       Potion            |       |     8 |       ||     8
  Eat: Chunk             |     1 |     7 |       ||     8
       Beef jerky        |     1 |       |       ||     1
Armor: Ring mail         |    57 |    16 |       ||    73
       Scale mail        |       |    27 |       ||    27
Dodge: Dodged            |    91 |    66 |       ||   157
